 Dungeon Crawl Stone Soup version 0.14-a0-2739-g411bbed (webtiles) character file.

193 SomethingShithole the Shield-Bearer (level 4, -3/44 HPs)
             Began as a Minotaur Fighter on Feb 21, 2014.
             Slain by a gnoll
             ... wielding a +2,+0 elven dagger of distortion
              (16 damage)
             ... on Level 3 of the Dungeon.
             The game lasted 00:12:44 (1730 turns).

SomethingShithole the Shield-Bearer (MiFi)          Turns: 1730, Time: 00:12:44

HP  -3/44        AC 11     Str 20 (21) XL: 4   Next: 52%
MP   2/2         EV  5     Int  5      God:
Gold 89          SH 19     Dex 10      Spells:  0 memorised,  3 levels left

rFire  . . .     SeeInvis .     a - +1,+2 hand axe
rCold  . . .     Clarity  .     e - +2 chain mail
rNeg   . . .     Conserve .     c - +0 shield
rPois  .         rCorr    .     (helmet restricted)
rElec  .         rRot     .     (no cloak)
SustAb . .       Spirit   .     (no gloves)
rMut   .         Warding  .     (no boots)
Saprov . . .     Stasis   .     (no amulet)
MR     .....                    (no ring)
                                (no ring)

@: not resistant to hostile enchantments, extremely unstealthy
A: retaliatory headbutt, horns 2, carnivore 1, robust 1
a: no special abilities


You were on level 3 of the Dungeon.
You were not hungry.

You visited 1 branch of the dungeon, and saw 3 of its levels.

You collected 89 gold pieces.

Inventory:

Hand weapons
 a - a +1,+2 hand axe (weapon)
Missiles
 f - 37 darts (quivered)
Armour
 b - a +0 scale mail
 c - a +0 shield (worn)
 e - a +2 chain mail (worn)
Comestibles
 d - 2 bread rations
 g - a choko
Potions
 o - 2 potions of curing


   Skills:
 + Level 4.0 Fighting
 + Level 3.3 Axes
 + Level 4.5 Armour
 + Level 1.3 Dodging
 + Level 4.6 Shields


You had 3 spell levels left.
You didn't know any spells.

Dungeon Overview and Level Annotations

Branches:
Dungeon (3/16)

Altars:
The Shining One


Innate Abilities, Weirdness & Mutations

You reflexively headbutt those who attack you in melee.
You have a pair of horns on your head.
Your digestive system is specialised to digest meat.
You are robust (+10% HP).


Message History

The gnoll is severely wounded.
The gnoll hits you but does no damage.
You barely miss the gnoll. You headbutt the gnoll.
You kill the gnoll!
Your Fighting skill increases to level 4!
You hit the gnoll.
The gnoll is moderately wounded.
The gnoll hits you but does no damage. Space warps horribly around you!
Your shield and chain mail prevent you from hitting the gnoll.
The gnoll is moderately wounded.
The gnoll hits you but does no damage. Space bends around you.
* * * LOW HITPOINT WARNING * * *
You closely miss the gnoll.
The gnoll is moderately wounded.
You block the gnoll's attack.
Your chain mail prevents you from hitting the gnoll.
The gnoll is moderately wounded.
The gnoll barely misses you. The gnoll hits you but does no damage.
Space warps horribly around you!
You die...

### #.# #########.#
#.........# ###
#.#######.# . ..
#......?#.# #### ... #.
##........# #..
......#.####.####.#.####.#
#......g@...##.....<#%#
.....##.##############...#
. ... #.### ..### #.# #.
... . .... #..... ......
#.....#


You could see a gnoll.

Vanquished Creatures
  A worker ant (D:3)
  3 gnolls (D:3)
  An inept feature mimic (D:2)
  A giant mite (D:2)
  A giant gecko (D:2)
  6 bats
  A giant cockroach (D:2)
  4 goblins
  3 hobgoblins
  3 kobolds
  3 giant newts
  10 jackals
  A quokka (D:2)
  A rat (D:2)
39 creatures vanquished.

Notes
Turn   | Place    | Note
--------------------------------------------------------------
     0 | D:1      | SomethingShithole, the Minotaur Fighter, began the quest for the Orb.
     0 | D:1      | Reached XP level 1. HP: 19/19 MP: 1/1
   280 | D:1      | Gained mutation: Your digestive system is specialised to digest meat. [potion of mutation]
   280 | D:1      | Gained mutation: You are robust (+10% HP). [potion of mutation]
   312 | D:1      | Reached XP level 2. HP: 29/29 MP: 1/1
   370 | D:1      | Reached skill level 4 in Shields
  1108 | D:2      | Reached XP level 3. HP: 33/36 MP: 2/2
  1451 | D:2      | Found a glowing golden altar of the Shining One.
  1516 | D:2      | Reached skill level 1 in Dodging
  1692 | D:3      | Reached XP level 4. HP: 44/44 MP: 2/2
  1730 | D:3      | Slain by a gnoll

Action                   |  1- 3 |  4- 6 || total
-------------------------+-------+-------++-------
Melee: Hand axe          |   106 |    18 ||   124
Throw: Dart              |     4 |       ||     4
  Use: Potion            |     4 |       ||     4
       Scroll            |    10 |       ||    10
